 Dungeon Crawl Stone Soup version 0.30-a0-341-g682706514a (webtiles) character file.

Game seed: 6479460498008040514

5371 pyrow613 the Conjurer (level 10, -2/83 HPs)
             Began as a Demigod Reaver on Nov 3, 2022.
             Killed from afar by an efreet (30 damage)
             ... with a fireball
             ... on level 8 of the Dungeon.
             The game lasted 01:01:36 (8887 turns).

pyrow613 the Conjurer (Demigod Reaver)              Turns: 8887, Time: 01:01:37

Health: -2/83      AC: 13    Str: 13    XL:     10   Next: 16%
Magic:  2/20       EV: 20    Int: 27    God:
Gold:   97         SH:  6    Dex: 12    Spells: 5/17 levels left

rFire   . . .      SeeInvis +    a - +5 dagger (venom)
rCold   . . .      Faith    .    c - +3 warlock's mirror {reflect}
rNeg    . . .      Spirit   .    A - +3 leather armour {Will+}
rPois   .          Reflect  +    N - +0 mask of the Dragon {Will+ Slay+3 SInv}
rElec   .          Harm     .    e - +0 cloak
rCorr   .          Rampage  .    B - +0 pair of gloves
Will    +++..                    E - +0 pair of boots
Stlth   +.........               (no amulet)
HPRegen 0.33/turn                k - +4 ring of protection
MPRegen 0.17/turn                I - ring of the Hare {EV+8}

@: no status effects
A: high MP 1, forlorn, divine attributes
a: no special abilities


You were on level 8 of the Dungeon.
You visited 1 branch of the dungeon, and saw 8 of its levels.
You also visited: Ossuary.

You collected 991 gold pieces.
You spent 894 gold pieces at shops.

Inventory:

Hand Weapons
 a - a +5 dagger of venom (weapon)
Missiles
 h - 6 poisoned darts
 m - 2 curare-tipped darts
Armour
 c - the +3 warlock's mirror (worn) {reflect}
   (You bought it in a shop on level 5 of the Dungeon)

   It can block and reflect piercing ranged attacks and magical attacks against
   the wielder's willpower.
 e - a +0 cloak (worn)
 A - a +3 leather armour of willpower (worn)
 B - a +0 pair of gloves (worn)
 E - a +0 pair of boots (worn)
 M - an orb of energy
 N - the +0 mask of the Dragon (worn) {Will+ Slay+3 SInv}
   (You bought it in a shop on level 4 of the Dungeon)

   Slay:      It affects your accuracy & damage with ranged weapons and melee
   (+3).
   SInv:      It lets you see invisible.
   Will:      It increases your willpower.
Magical Staves
 b - a staff of conjuration
Jewellery
 k - a +4 ring of protection (left hand)
 l - a +6 ring of intelligence
 s - a ring of poison resistance
 y - a ring of see invisible
 I - the ring of the Hare (right hand) {EV+8}
   (You found it on level 6 of the Dungeon)

   [ring of evasion]

   EV:        It affects your evasion (+8).
Wands
 g - a wand of mindburst (6)
 G - a wand of iceblast (7)
Scrolls
 d - a scroll of identify
 q - 3 scrolls of immolation
 r - 4 scrolls of fear
 t - 2 scrolls of enchant armour
 u - a scroll of enchant weapon
 w - a scroll of teleportation
Potions
 f - 2 potions of lignification
 i - a potion of mutation
 n - 3 potions of heal wounds
 o - 3 potions of brilliance
 p - a potion of ambrosia {unknown}
 x - 5 potions of magic
 z - 3 potions of invisibility
 C - a potion of might {unknown}
 D - 2 potions of flight
 F - a potion of degeneration {unknown}
 H - 2 potions of curing
 L - a potion of haste {unknown}


   Skills:
 * Level 6.2 Fighting
 - Level 3.7 Short Blades
 + Level 3.2 Staves
 + Level 4.6 Dodging
 + Level 4.3 Spellcasting
 * Level 6.6 Conjurations
 - Level 0.1 Necromancy
 + Level 4.0 Translocations
 + Level 3.9 Fire Magic
 + Level 0.7 Ice Magic
 + Level 3.8 Air Magic
 + Level 4.0 Earth Magic


You had 5 spell levels left.
You knew the following spells:

 Your Spells              Type           Power      Damage    Failure   Level
a - Kiss of Death         Conj/Necr      96%        2d12      3%          1
b - Momentum Strike       Conj/Tloc      68%        3d9       2%          2
c - Foxfire               Conj/Fire      100%       2x1d9     1%          1
d - Sandblast             Erth           54%        2d13      2%          1
e - Shock                 Conj/Air       100%       1d9       1%          1
f - Swiftness             Air            26%        N/A       9%          3
g - Hailstorm             Conj/Ice       25%        3d7       9%          3

Your spell library contained the following spells:

 Spells                   Type           Power      Damage    Failure   Level
 Stone Arrow              Conj/Erth      68%        3d11      4%          3
 Passwall                 Tmut/Erth      13%        N/A       10%         2
 Airstrike                Air            13%        2d(2-18)  28%         4
 Fireball                 Conj/Fire      17%        3d9       41%         5
 Conjure Ball Lightning   Conj/Air       17%        3x3d6     94%         6
 Starburst                Conj/Fire      17%        6d6       94%         6
 Discord                  Hex            2%         N/A       100%        8
 Disjunction              Tloc           13%        N/A       100%        8


Dungeon Overview and Level Annotations

Branches:
Dungeon (8/15)             Temple (0/1) D:7         Ossuary (visited)
   Lair: D:8-11

Shops:
D:4 [   D:5 [(*(

Annotations:
D:4 1 runed translucent door, Crazy Yiuf
D:7 2 transporters, blackman's ghost, weakling HuDe


Innate Abilities, Weirdness & Mutations

You have an increased reservoir of magic. (+10% MP)
You shall have no god before yourself.
Your divine heritage dramatically boosts your attributes as you level up.


Message History

The fireball engulfs your foxfire.
Your foxfire completely resists.
The fireball engulfs the efreet.
The efreet completely resists.
The fireball engulfs your foxfire.
Your foxfire completely resists.
Unknown command.
Unknown command.
Unknown command.
Casting: Foxfire (safe; 1% risk of failure)
Confirm with . or Enter, or press ? or * to list all spells.
Aiming: Sandblast (safe; 2% risk of failure)
Press: ? - help, Shift-Dir - straight line, f/p - efreet
Aim: an efreet, wielding a +4 scimitar of flaming (severely wounded, not watching you, ally target, 94% to hit)
The blast of sand hits the efreet.
The efreet is severely wounded.
The foxfire hits the efreet.
The efreet completely resists.
The efreet is severely wounded.
The foxfire hits the efreet but does no damage.
The efreet is severely wounded.
The efreet closely misses you. x2
Casting: Sandblast (safe; 2% risk of failure)
Confirm with . or Enter, or press ? or * to list all spells.
Aiming: Sandblast (safe; 2% risk of failure)
Press: ? - help, Shift-Dir - straight line, f/p - efreet
Aim: an efreet, wielding a +4 scimitar of flaming (severely wounded, 94% to hit)
The blast of sand hits the efreet but does no damage.
The efreet is severely wounded.
You are no longer robbed of momentum.
The efreet misses you.
Casting: Sandblast (safe; 2% risk of failure)
Confirm with . or Enter, or press ? or * to list all spells.
Aiming: Sandblast (safe; 2% risk of failure)
Press: ? - help, Shift-Dir - straight line, f/p - efreet
Aim: an efreet, wielding a +4 scimitar of flaming (severely wounded, 94% to hit)
The blast of sand hits the efreet.
The efreet is severely wounded.
The efreet completely misses you. The efreet gestures at you.
The fireball explodes!
The fireball engulfs you!!
You die...

....# ....# ....#
#####...##### #...#....°...
#...#...R.... #...#........
#...#R####### ..
#.8..@......# ## ...
#......8....#...# ###.
...#...........#...# #...
###'#....[..#####... ##...
#...........'...... #....
#....8......#...u. #.... ..
#.........8.#.... ##....
...#######'#...#...#####.....
...........#...#...##..#.....


You could see an efreet.

Vanquished Creatures
  An ugly thing (D:8)
  Maggie (D:7)
  Grinder (D:3)
  Prince Ribbit (D:5)
  The ghost of rogsnak the Magician, an amateur DjHW of Makhleb (D:3)
  A wyvern (D:7)
  Eustachio (D:5)
  A steam dragon (D:6)
  Menkaure (D:5)
  Duvessa (D:6)
  An orc warrior (D:7)
  A sky beast (D:7)
  A black bear (D:6)
  2 ogres
  3 centaurs
  A phantom (D:6)
  3 elf zombies (Ossuary)
  2 bullfrogs (D:8)
  Blork the orc (D:5)
  2 necrophages
  A gnoll sergeant (D:8)
  5 scorpions
  12 wights (D:7)
  Dowan (D:6)
  7 killer bees
  2 jellies (D:5)
  3 hounds
  A human zombie (Ossuary)
  An orc priest (D:6)
  A gnoll bouda (D:6)
  3 iguanas
  5 orc wizards
  2 mummies (Ossuary)
  6 adders
  4 gnolls
  A worm (D:5)
  A dart slug (D:3)
  14 orcs
  5 endoplasms
  4 giant cockroaches
  4 goblins
  7 hobgoblins
  6 quokkas
  7 ball pythons
  9 bats
  3 frilled lizards
  2 goblin zombies (Ossuary)
  14 hobgoblin zombies (Ossuary)
  6 kobolds
  8 kobold zombies (Ossuary)
  7 orc zombies (Ossuary)
  6 rats
  2 rat zombies (Ossuary)
187 creatures vanquished.

Vanquished Creatures (others)
  Pikel (D:5)
  A water moccasin (D:6)
  An ice beast (D:6)
  A black bear (D:6)
  A phantom (D:6)
  An orc priest (D:6)
  An iguana (D:6)
  340 foxfires
  A fungus (D:4)
  6 plants (D:7)
  3 withered plants (D:2)
357 creatures vanquished.

Grand Total: 544 creatures vanquished

Notes
Turn   | Place    | Note
-------+----------+-------------------------------------------
     0 | D:1      | pyrow613 the Demigod Reaver began the quest for the Orb.
     0 | D:1      | Reached XP level 1. HP: 17/17 MP: 5/5
    99 | D:1      | Reached XP level 2. HP: 17/24 MP: 5/7
   130 | D:1      | Learned a level 2 spell: Momentum Strike
   223 | D:1      | Learned a level 1 spell: Foxfire
   661 | D:1      | Learned a level 1 spell: Sandblast
   851 | D:2      | Reached XP level 3. HP: 29/29 MP: 6/8
  1738 | D:3      | Found a runed translucent door.
  1742 | D:3      | Learned a level 1 spell: Shock
  1742 | D:3      | Noticed a scorpion
  1743 | D:3      | Noticed rogsnak's ghost (amateur DjHW)
  2132 | D:3      | Noticed Grinder
  2148 | D:3      | Paralysed by Grinder for 5 turns
  2163 | D:3      | Paralysed by Grinder for 2 turns
  2182 | D:3      | Killed Grinder
  2183 | D:3      | Reached skill level 1 in Translocations
  2183 | D:3      | Reached skill level 1 in Fire Magic
  2183 | D:3      | Reached skill level 1 in Earth Magic
  2183 | D:3      | Reached XP level 4. HP: 12/38 MP: 0/10
  2183 | D:3      | Reached XP level 5. HP: 14/45 MP: 0/11
  2464 | D:3      | Reached skill level 1 in Air Magic
  2464 | D:3      | Reached XP level 6. HP: 34/51 MP: 6/12
  2471 | D:3      | Killed rogsnak's ghost
  2593 | D:3      | Learned a level 3 spell: Swiftness
  2677 | D:4      | Found a sand-covered staircase.
  2677 | D:4      | Found Heetauf's Armour Boutique.
  2684 | Ossuary  | Entered an ossuary
  2940 | Ossuary  | Reached XP level 7. HP: 50/57 MP: 12/14
  4251 | D:4      | Found a runed translucent door.
  4252 | D:4      | Noticed Crazy Yiuf
  4306 | D:5      | Entered Level 5 of the Dungeon
  4307 | D:5      | Found Emeaptoo's Weapon Emporium.
  4330 | D:5      | Found Teejagg's Weapon Emporium.
  4331 | D:5      | Noticed Menkaure
  4337 | D:5      | Killed Menkaure
  4460 | D:5      | Reached XP level 8. HP: 66/66 MP: 11/15
  4484 | D:5      | Noticed Blork the orc
  4489 | D:5      | Killed Blork the orc
  4522 | D:5      | Found Qegemor's Assorted Antiques.
  4605 | D:5      | Noticed Prince Ribbit
  4608 | D:5      | Noticed Eustachio
  4609 | D:5      | Killed Prince Ribbit
  4610 | D:5      | Reached skill level 1 in Staves
  4617 | D:5      | Killed Eustachio
  4618 | D:5      | Reached skill level 5 in Conjurations
  4772 | D:5      | Found Qeuw's Armour Shoppe.
  4886 | D:5      | Learned a level 3 spell: Hailstorm
  5098 | D:5      | Noticed Pikel
  5113 | D:5      | Killed Pikel
  5638 | D:6      | Reached skill level 5 in Fighting
  5922 | D:6      | Noticed Dowan
  5925 | D:6      | Reached XP level 9. HP: 65/74 MP: 12/17
  5932 | D:6      | Killed Dowan
  6042 | D:6      | Found the ring of the Hare {EV+8}
  6113 | D:6      | Noticed Duvessa
  6125 | D:6      | Killed Duvessa
  6787 | D:7      | Noticed Maggie
  6796 | D:7      | Killed Maggie
  6922 | D:7      | Found a transporter.
  7585 | D:7      | Found a staircase to the Ecumenical Temple.
  7846 | D:7      | Reached XP level 10. HP: 83/83 MP: 16/19
  7939 | D:7      | Identified the ring of Division {Str+6 Dex+2}
  7943 | D:7      | Found a transporter.
  7951 | D:7      | Noticed blackman's ghost (weakling HuDe)
  8038 | D:4      | Bought the +0 mask of the Dragon {Will+ Slay+3 SInv} for
                  | 334 gold pieces
  8038 | D:4      | Found the +0 mask of the Dragon {Will+ Slay+3 SInv}
  8323 | D:8      | Noticed a purple ugly thing
  8356 | D:8      | Identified a scroll of acquirement
  8356 | D:8      | Acquired 646 gold pieces
  8447 | D:5      | Bought the +3 warlock's mirror {reflect} for 560 gold
                  | pieces
  8447 | D:5      | Found the +3 warlock's mirror {reflect}
  8738 | D:8      | Killed a purple ugly thing
  8887 | D:8      | Killed from afar by an efreet

Illustrated notes

Levels and vault maps discovered:
D:1:      nagdon_arrival_zigzag_paths, layout_loops_ring
D:2:      layout_loops_ring, basic_altar, ebering_ecumenical_altar_petrified,
          feat_on_display
D:3:      layout_basic, nicolae_dithmenos_the_darkroom, lemuel_doored_altar,
          ebering_ghost_inner_flame, uniq_grinder
D:4:      minmay_skewed_foursquare, layout_cave_pools,
          mainiacjoe_overflow_catwalk, serial_shops, nicolae_shop_stone,
          nicolae_ossuary_entry_ruins, uniq_crazy_yiuf_cottage
D:5:      layout_gridville, serial_shops, nicolae_shop_advertising_works
          [nicolae_subvault_shop_adworks], kennysheep_mini_moat, shop, shop,
          uniq_pikel, uniq_blork_the_orc, uniq_prince_ribbit1, uniq_eustachio,
          uniq_menkaure
D:6:      layout_loops_ring, mainiacjoe_overflow_alcove_2, kennysheep_mini,
          uniq_duvessa
D:7:      layout_basic, nicolae_gozag_conspicuous_consumption,
          kennysheep_orc_sif_temple, temple_hall, gammafunk_ghost_gnarly_gnolls,
          kennysheep_generic_room_3, uniq_maggie
D:8:      kennysheep_blocky_room, layout_cave_pods,
          nicolae_elyvilon_temple_path, enter_bailey_2, serial_shops, shop,
          serial_park_tiny_pond, eino_curves_03, uniq_maurice

Skill      XL: |  1  2  3  4  5  6  7  8  9 10 |
---------------+-------------------------------+-----
Fighting       | 2 3 4 5 6 |  6.2
Dodging        | 2 3 4 |  4.6
Spellcasting   | 2 3 4 |  4.3
Conjurations   | 3 4 5 6 |  6.6
Short Blades   | 3 |  3.7
Translocations | 1 2 3 4 |  4.0
Fire Magic     | 1 2 3 |  3.9
Earth Magic    | 1 2 3 4 |  4.0
Air Magic      | 1 2 3 |  3.8
Staves         | 2 3 |  3.2
Necromancy     | |  0.1
Ice Magic      | |  0.7

Action                   |  1- 3 |  4- 6 |  7- 9 | 10-12 || total
-------------------------+-------+-------+-------+-------++-------
Melee: Short sword       |    83 |       |       |       ||    83
       Punch             |     3 |     1 |     6 |       ||    10
       Dagger            |    87 |    23 |    82 |    25 ||   217
       Staff             |     1 |    65 |   303 |       ||   369
 Fire: Sling             |    16 |       |       |       ||    16
Throw: Dart              |     2 |       |       |       ||     2
 Cast: Kiss of Death     |     1 |       |       |       ||     1
       Foxfire           |     9 |    27 |   137 |    26 ||   199
       Shock             |     3 |     5 |    37 |       ||    45
       Sandblast         |     1 |     4 |     5 |    15 ||    25
       Momentum Strike   |       |       |    11 |     2 ||    13
       Hailstorm         |       |       |    10 |     2 ||    12
       Swiftness         |       |       |     4 |       ||     4
  Use: Scroll            |     1 |     1 |       |    16 ||    18
       Potion            |     1 |       |       |       ||     1
 Stab: Confused          |       |     1 |       |       ||     1
Armor: Leather armour    |    76 |     7 |   103 |    10 ||   196
       Skin              |     7 |       |       |       ||     7
       Robe              |       |    33 |    46 |       ||    79
Dodge: Dodged            |    72 |    45 |   292 |    64 ||   473
Block: Buckler           |       |       |       |    13 ||    13
       Reflection        |       |       |       |     1 ||     1

Table legend: (Time is in decaauts)
 A = Elapsed time spent in this place.
 B = Non-inter-level travel time spent in this place.
 C = Inter-level travel time spent in this place.
 D = Time resting spent in this place.
 E = Time spent auto-exploring this place.
 F = Levels seen in this place.
 G = Mean time per level.
                   A        B        C        D        E       F      G
               +--------+--------+--------+--------+--------+-----+--------+
         Total |   8911 |   8263 |    648 |   1528 |   4575 |   9 |  990.1 |
       Dungeon |   8175 |   7527 |    648 |   1362 |   4427 |   8 | 1021.9 |
       Ossuary |    736 |    736 |      0 |    166 |    148 |   1 |  736.0 |
               +--------+--------+--------+--------+--------+-----+--------+

Top non-repeatable levels by time:
     D:6: 1405 daAuts
     D:7: 1378 daAuts
     D:4: 1212 daAuts
     D:5: 1173 daAuts
     D:3: 1050 daAuts
     D:2: 883 daAuts
 Ossuary: 736 daAuts
     D:1: 714 daAuts
     D:8: 357 daAuts
